 Dungeon Crawl Stone Soup version 0.29.1-15-g9cfb28693d (webtiles) character file.

Game seed: 3792809331465947554

7 Ayazi56 the Ducker (level 1, 0/10 HPs)
             Began as a Felid Monk on Apr 11, 2023.
             Slain by an adder (3 damage)
             ... on level 2 of the Dungeon.
             The game lasted 00:01:31 (173 turns).

Ayazi56 the Ducker (Felid Monk)                      Turns: 173, Time: 00:01:32

Health: 0/10       AC:  1    Str:  7    XL:     1   Next: 91%
Magic:  2/2        EV: 19    Int: 11    God:
Gold:   0          SH:  0    Dex: 18    Spells: 0/0 levels left
                                        Lives:  0   Deaths: 0

rFire   . . .      SeeInvis +     - Unarmed
rCold   . . .      Faith    .   (shield unavailable)
rNeg    . . .      Spirit   .   (body armour unavailable)
rPois   .          Reflect  .   (helmet unavailable)
rElec   .          Harm     .   (cloak unavailable)
rCorr   .          Rampage  .   (gloves unavailable)
Will    .....                   (boots unavailable)
Stlth   ++........              (no amulet)
HPRegen 0.03/turn               (no ring)
MPRegen 0.08/turn               (no ring)

@: flying, quick
A: very small, claws 1, fangs 3, see invisible, speed 1, shaggy fur 1, stealthy
paws, no weapons or thrown items, no armour, multi-lived
a: no special abilities


You were on level 2 of the Dungeon.
You visited 1 branch of the dungeon, and saw 2 of its levels.

Inventory:

Potions
 a - a potion of ambrosia


   Skills:
 + Level 3.0 Fighting
 + Level 4.3 Dodging
 + Level 2.8 Stealth
 + Level 3.1 Unarmed Combat


You couldn't memorise any spells.
You didn't know any spells.
Your spell library was empty.

Dungeon Overview and Level Annotations

Branches:
Dungeon (2/15)

Altars:


Innate Abilities, Weirdness & Mutations

You have sharp claws.
You have razor-sharp teeth.
You have supernaturally acute eyesight. (SInv)
You cover ground quickly. (Speed+)
You are covered in fur. (AC +1)
Your paws help you pounce on unaware monsters.
You are incapable of wielding weapons or throwing items.
You cannot wear armour.
You gain extra lives every three experience levels.


Message History

You closely miss the giant cockroach.
The giant cockroach is almost dead.
The giant cockroach completely misses you.
You closely miss the giant cockroach. Your bite misses the giant cockroach.
The giant cockroach is almost dead.
The giant cockroach misses you.
You scratch the giant cockroach.
You kill the giant cockroach!
Things that are here:
a giant cockroach corpse; a hobgoblin corpse
There is an escape hatch in the floor here.
You slide downwards.
The hatch slams shut behind you.
A kobold comes into view. It is wielding a +0 dagger.
The helpless goblin fails to defend itself.
You mangle the goblin!!
You kill the goblin!
The goblin shouts!
Found 3 stones.
Things that are here:
a +0 club; a goblin corpse The adder closely misses you.
The adder attacks as you move away! The adder closely misses you.
The adder attacks as you move away! The adder misses you.
The adder attacks as you move away! The adder closely misses you.
The adder attacks as you move away! The adder completely misses you.
It was a potion of flight.
You feel very buoyant.
You fly up into the air.
The adder completely misses you.
The giant cockroach bites you but does no damage.
The adder bites you.
You closely miss the giant cockroach. The giant cockroach misses you.
The adder closely misses you.
You scratch the giant cockroach but do no damage.
The giant cockroach bites you. The adder closely misses you.
The giant cockroach bites you.
* * * LOW HITPOINT WARNING * * *
The adder barely misses you. The adder closely misses you.
The adder attacks as you move away! The adder bites you.
You die...

#..........##.
+............
#............
#######........(...
............####...
............# ...
............#
.......gS...#
.......@Bg..#
........#####
........# #########


You could see an adder, a giant cockroach, a hobgoblin and a goblin.

Vanquished Creatures
  An endoplasm (D:1)
  A giant cockroach (D:1)
  A goblin (D:2)
  A hobgoblin (D:1)
  3 rats (D:1)
7 creatures vanquished.

Notes
Turn   | Place    | Note
-------+----------+-------------------------------------------
     0 | D:1      | Ayazi56 the Felid Monk began the quest for the Orb.
     0 | D:1      | Reached XP level 1. HP: 10/10 MP: 2/2
   173 | D:2      | Slain by an adder

Illustrated notes

Levels and vault maps discovered:
D:1:      onia_arrival_handbag, layout_basic, basic_ecumenical_altar
D:2:      layout_basic, corexii_corridor_pit, minmay_misc_feat_hallway,
          roderic_serpentine_path, kennysheep_small_spiral, minmay_diced_spiral

Action                   || total
-------------------------++-------
Melee: Unarmed           ||    24
  Use: Potion            ||     1
 Stab: Sleeping          ||     4
Armor: Skin              ||     2
Dodge: Dodged            ||    24
